 Dungeon Crawl Stone Soup version 0.31.0-12-g77e489cdc1 (webtiles) character file.

Game seed: 5202656558729720267

49 DildoBatman the Conjurer (level 4, 0/10 (32) HPs)
             Began as a Formicid Conjurer on Feb 15, 2024.
             Slain by a gnoll
             ... wielding a +0 whip
              (7 damage)
             ... on level 2 of the Dungeon.
             The game lasted 00:03:16 (1360 turns).

DildoBatman the Conjurer (Formicid Conjurer)        Turns: 1360, Time: 00:03:16

HP:   0/10 (32)     AC:  2    Str: 12    XL:     4   Next: 2%
MP:   5/7           EV: 12    Int: 19    God:
Gold: 41            SH:  0    Dex: 12    Spells: 5/8 levels left

rFire   . . .        d - +0 dagger
rCold   . . .        (no shield)
rNeg    . . .        a - +0 robe
rPois   .            (helmet unavailable)
rElec   .            (no cloak)
rCorr   .            (no gloves)
SInv    +            (no boots)
Will    .....        e - amulet of faith
Stlth   ++           (no ring)
HPRegen 0.21/turn    (no ring)
MPRegen 0.10/turn

%: faith
@: extremely drained
A: permanent stasis, dig shafts and tunnels, antennae 3, four strong arms
a: Dig, Shaft Self


You were on level 2 of the Dungeon.
You visited 1 branch of the dungeon, and saw 2 of its levels.

You collected 41 gold pieces.

Inventory:

Hand Weapons
 d - a +0 dagger (weapon)
Missiles
 f - 4 stones
Armour
 a - a +0 robe (worn)
Jewellery
 e - an amulet of faith (around neck)
Scrolls
 g - a scroll of identify {unknown}
Potions
 b - 2 potions of magic
 c - a potion of cancellation {unknown}
 h - a potion of mutation {unknown}


   Skills:
 + Level 1.1 Fighting
 + Level 1.1 Armour
 + Level 2.1 Dodging
 + Level 3.1 Stealth
 + Level 2.6 Spellcasting
 + Level 3.8 Conjurations


You had 5 spell levels left.
You knew the following spells:

 Your Spells              Type           Power      Damage    Failure   Level
a - Searing Ray           Conj           34%        2d5       4%          2
c - Magic Dart            Conj           68%        1d6       3%          1

Your spell library contained the following spells:

 Spells                   Type           Power      Damage    Failure   Level
 Fulminant Prism          Conj/Alch      4%         3d5       56%         4
 Iskenderun's Mystic Bla  Conj/Tloc      9%         2d4       56%         4


Dungeon Overview and Level Annotations

Branches:
Dungeon (2/15)

Altars:
Ashenzari

Shops:
D:2 ?


Innate Abilities, Weirdness & Mutations

You cannot be hasted, slowed, berserked, paralysed or teleported.
You can dig through walls and to a lower floor.
You have a pair of large antennae on your head. (SInv)
Your four strong arms can wield two-handed weapons with a shield.


Message History

You dig through the rock wall.
You feel drained.
You retract your mandibles.
You extend your mandibles.
You dig through the rock wall.
You feel drained.
You dig through the rock wall.
You feel drained.
You retract your mandibles.
You extend your mandibles.
You dig through the rock wall.
You feel drained.
You dig through the rock wall.
You feel drained.
The gnoll shouts!
You retract your mandibles.
The gnoll closely misses you. The gnoll hits you but does no damage.
The gnoll closely misses you. The gnoll attacks as it pursues you!
The gnoll misses you. The gnoll attacks as it pursues you!
The gnoll hits you with a +0 club. What are your orders? t - Shout!
Orders for allies: a - Attack new target. r - Retreat! s - Stop attacking. g - Guard the area. f - Follow me.
Anything else - Cancel.
You shout for attention!
What are your orders? t - Shout!
Orders for allies: a - Attack new target. r - Retreat! s - Stop attacking. g - Guard the area. f - Follow me.
Anything else - Cancel.
You shout for attention!
The gnoll hits you with a +0 whip!
Ouch! That really hurt!
You die...

....# #..........#......... ....#
#...........#........ ....#
#..........##.)...... #####
#..........##........ ...#
#..........##........ ##.#
#..........#########. .#.#
#..........###.....g. ...#
#..gg......#..g###### #..#
#...@g.....#.#....... #..########
#............).......
#.......................)........
###..#########..######.#.........
#........<...#..# #...#.........
#.##.#####.#.#..# #.###.........
#. #.......#.##.####.###.#.......
. ##..##.#.#...∩.........########
. #....#.....##.#.#..#####


You could see 3 gnolls.

Vanquished Creatures
  An adder (D:2)
  A gnoll (D:2)
  A dart slug (D:1)
  A ribbon worm (D:2)
  3 ball pythons (D:1)
  3 bats
  3 endoplasms
  3 goblins
  2 hobgoblins (D:1)
  A quokka (D:2)
  A kobold (D:2)
  5 rats
25 creatures vanquished.

Notes
Turn   | Place    | Note
-------+----------+-------------------------------------------
     0 | D:1      | DildoBatman the Formicid Conjurer began the quest for the
                  | Orb.
     0 | D:1      | Reached XP level 1. HP: 13/13 MP: 3/3
   194 | D:1      | Reached XP level 2. HP: 19/19 MP: 3/5
   197 | D:1      | Learned a level 2 spell: Searing Ray
   598 | D:1      | Reached XP level 3. HP: 25/25 MP: 4/6
   604 | D:1      | Found a faded altar of an unknown god.
   755 | D:2      | Found Cejewk's Magic Scroll Shop.
   942 | D:2      | Found a broken altar of Ashenzari.
  1072 | D:2      | Reached skill level 1 in Fighting
  1072 | D:2      | Reached skill level 1 in Armour
  1331 | D:2      | Reached XP level 4. HP: 30/32 MP: 2/7
  1360 | D:2      | Slain by a gnoll

Illustrated notes

Levels and vault maps discovered:
D:1:      orjb1_clovarrival, layout_basic, shapermc_ecumenical_altar_pompeii
D:2:      layout_basic, basic_altar, serial_shops, nicolae_shop_crystal

Skill      XL: |  1  2  3 |
---------------+----------+-----
Dodging        | 2 |  2.1
Fighting       | 1 |  1.1
Armour         | 1 |  1.1
Stealth        | 3 |  3.1
Spellcasting   | |  2.6
Conjurations   | |  3.8

Action                     |  1- 3 |  4- 6 || total
---------------------------+-------+-------++-------
  Melee: Dagger            |    11 |       ||    11
   Cast: Magic Dart        |    41 |       ||    41
         Searing Ray       |     4 |       ||     4
Ability: Dig               |       |     6 ||     6
 Armour: Robe              |    18 |     3 ||    21
  Dodge: Dodged            |    18 |     3 ||    21
